 Dungeon Crawl Stone Soup version 0.29-a0-664-gff9cad4a3d (webtiles) character file.

Game seed: 1877959895538048294

473 xian the Shooter (level 6, -1/32 HPs)
             Began as a Spriggan Arcane Marksman on June 23, 2022.
             Slain by a scorpion (6 damage)
             ... on level 5 of the Dungeon.
             The game lasted 00:09:59 (3780 turns).

xian the Shooter (Spriggan Arcane Marksman)         Turns: 3780, Time: 00:09:59

Health: -1/32      AC:  2    Str:  6    XL:     6   Next: 83%
Magic:  8/9        EV: 17    Int: 16    God:
Gold:   297        SH:  0    Dex: 16    Spells: 5/8 levels left

rFire   . . .      SeeInvis +   a - +1 shortbow
rCold   . . .      Faith    .   (shield currently unavailable)
rNeg    . . .      Spirit   .   b - +0 robe
rPois   .          Reflect  .   (helmet restricted)
rElec   .          Harm     .   (no cloak)
rCorr   +          Rampage  .   (gloves unavailable)
Will    +....                   (boots unavailable)
Stlth   ++........              (no amulet)
HPRegen 0.10/turn               g - ring of flight
MPRegen 0.11/turn               t - ring of resist corrosion

@: lethally poisoned (-1 -> -12), flying, very quick
A: very small, no large weapons, unfitting armour, see invisible, speed 3
a: no special abilities


You were on level 5 of the Dungeon.
You visited 1 branch of the dungeon, and saw 6 of its levels.

You collected 297 gold pieces.

Inventory:

Hand Weapons
 a - a +1 shortbow (weapon)
 u - a +5 mace
Missiles
 h - 3 atropa-tipped darts
Armour
 b - a +0 robe (worn)
Jewellery
 g - a ring of flight (left hand)
 i - a ring of flight
 t - a ring of resist corrosion (right hand)
Wands
 s - a wand of flame (12)
Scrolls
 c - 2 scrolls of vulnerability
 j - 3 scrolls of poison
 r - a scroll of immolation {unknown}
Potions
 d - 4 potions of lignification
 e - a potion of magic {unknown}
 f - 2 potions of curing {unknown}
 k - a potion of resistance {unknown}
 l - a potion of heal wounds {unknown}
 m - a potion of flight {unknown}
 n - 2 potions of haste {unknown}
 p - a potion of mutation {unknown}
 q - 2 potions of might {unknown}


   Skills:
 + Level 2.6 Fighting
 + Level 0.1 Maces & Flails
 + Level 7.3 Bows
 + Level 3.1 Dodging
 + Level 0.8 Stealth
 + Level 1.9 Spellcasting
 + Level 4.3 Hexes


You had 5 spell levels left.
You knew the following spells:

 Your Spells              Type           Power      Damage    Failure   Level
a - Slow                  Hex            60%        N/A       3%          1
b - Blink                 Tloc           2%         N/A       32%         2

Your spell library contained the following spells:

 Spells                   Type           Power      Damage    Failure   Level
 Necrotize                Necr           4%         1d4       22%         1
 Inner Flame              Hex/Fire       8%         N/A       26%         3
 Portal Projectile        Hex/Tloc       16%        N/A       26%         3
 Cause Fear               Hex            7%         N/A       34%         4
 Lesser Beckoning         Tloc           1%         N/A       54%         3
 Vampiric Draining        Necr           1%         2d6       54%         3
 Olgreb's Toxic Radiance  Pois           1%         N/A       91%         4
 Agony                    Necr           1%         N/A       99%         5
 Manifold Assault         Tloc           1%         N/A       99%         5
 Ozocubu's Refrigeration  Ice            0%         4d5       100%        7
 Ignition                 Fire           0%         3d3       100%        8


Dungeon Overview and Level Annotations

Branches:
Dungeon (6/15)
 Temple: D:4-7

Altars:
Okawaru


Innate Abilities, Weirdness & Mutations

You are very small and have problems with some larger weapons.
You are too small for most types of armour.
You have supernaturally acute eyesight. (SInv)
You cover ground extremely quickly. (Speed+++)


Message History

Okay, then.
Shoot: a) +1 shortbow
Press: ? - help, Q - select action, (/) - cycle Shift-Dir - straight line, f/p - scorpion
Aim: a scorpion (slow, 65% to hit)
You shoot an arrow. The arrow barely misses the scorpion.
Shoot: a) +1 shortbow
Press: ? - help, Q - select action, (/) - cycle Shift-Dir - straight line, f/p - scorpion
Aim: a scorpion (slow, 65% to hit)
You shoot an arrow. The arrow hits the scorpion.
The scorpion is lightly wounded.
Unknown command.
Shoot: a) +1 shortbow
Press: ? - help, Q - select action, (/) - cycle Shift-Dir - straight line, f/p - scorpion
Aim: a scorpion (lightly wounded, slow, 65% to hit)
You shoot an arrow.
The arrow hits the scorpion but does no damage.
The scorpion is lightly wounded.
There is a stone staircase leading down here.
Shoot: a) +1 shortbow
Press: ? - help, Q - select action, (/) - cycle Shift-Dir - straight line, f/p - scorpion
Aim: a scorpion (lightly wounded, slow, 65% to hit)
You shoot an arrow. The arrow closely misses the scorpion.
Shoot: a) +1 shortbow
Press: ? - help, Q - select action, (/) - cycle Shift-Dir - straight line, f/p - scorpion
Aim: a scorpion (lightly wounded, slow, 65% to hit)
You shoot an arrow. The arrow closely misses the scorpion.
Shoot: a) +1 shortbow
Press: ? - help, Q - select action, (/) - cycle Shift-Dir - straight line, f/p - scorpion
Aim: a scorpion (lightly wounded, slow, 65% to hit)
You shoot an arrow. The arrow hits the scorpion.
The scorpion is lightly wounded.
The gnoll completely misses you. The scorpion stings you.
* * * LOW HITPOINT WARNING * * *
You are lethally poisoned!
The scorpion poisons you! The gnoll barely misses you.
* * * LOW HITPOINT WARNING * * *
You feel very sick. The scorpion stings you.
You die...

#.##.##$####.......
########.##........)......
#........#####.#####.##...
#.#####.)#####.# ..
#.........J....# ...
#..#......s.g### .##
.#######..#.#[g.###.# ..
.......<....#.Js###.# .
.#######........@.#.#
##.###..##.#.#
#...........##
######.......# #.##.##.#
#. #.# ... #. #.. .....
#.# ....... ..# .###...


You could see a scorpion (slow), a jelly and a gnoll.

Vanquished Creatures
  A centaur (D:5)
  A necrophage (D:4)
  4 wights (D:4)
  A jelly (D:4)
  4 adders
  A worm (D:3)
  An orc (D:4)
  5 ball pythons
  5 endoplasms
  2 giant cockroaches
  8 goblins
  3 hobgoblins
  3 jackals (D:1)
  6 bats
  5 frilled lizards
  9 kobolds
  3 rats
62 creatures vanquished.

Notes
Turn   | Place    | Note
-------+----------+-------------------------------------------
     0 | D:1      | xian the Spriggan Arcane Marksman began the quest for the
                  | Orb.
     0 | D:1      | Reached XP level 1. HP: 9/9 MP: 3/3
   515 | D:1      | Reached XP level 2. HP: 14/14 MP: 3/5
   781 | D:1      | Reached skill level 3 in Bows
  1378 | D:2      | Reached skill level 1 in Fighting
  1449 | D:2      | Learned a level 2 spell: Blink
  1513 | D:2      | Reached XP level 3. HP: 16/18 MP: 6/6
  2147 | D:3      | Reached skill level 4 in Bows
  2221 | D:3      | Reached XP level 4. HP: 22/22 MP: 7/7
  2317 | D:3      | Found an iron altar of Okawaru.
  2703 | D:4      | Noticed a necrophage
  2763 | D:4      | Killed a necrophage
  2764 | D:4      | Reached skill level 5 in Bows
  2764 | D:4      | Reached XP level 5. HP: 26/26 MP: 8/8
  3001 | D:4      | Reached skill level 6 in Bows
  3032 | D:4      | Reached XP level 6. HP: 31/31 MP: 9/9
  3427 | D:5      | Entered Level 5 of the Dungeon
  3463 | D:5      | Reached skill level 7 in Bows
  3780 | D:5      | Slain by a scorpion

Illustrated notes

Levels and vault maps discovered:
D:1:      ncdulo_smallfort, layout_loops_ring
D:2:      layout_basic
D:3:      layout_basic, lemuel_coloured_pillars_altar
D:4:      layout_basic
D:5:      layout_loops_cross, nicolae_overflow_squiral
D:6:      layout_rooms, xom_butterflies, minmay_temple_entry_gardened_gates,
          roderic_serpentine_path, lightli_corner_chamber

Skill      XL: |  1  2  3  4  5  6 |
---------------+-------------------+-----
Hexes          | 4 |  4.3
Bows           | 3 4 5 6 7 |  7.3
Fighting       | 1 2 |  2.6
Dodging        | 3 |  3.1
Maces & Flails | |  0.1
Stealth        | |  0.8
Spellcasting   | |  1.9

Action                   |  1- 3 |  4- 6 || total
-------------------------+-------+-------++-------
Melee: Mace              |       |     5 ||     5
 Fire: Shortbow          |    99 |   109 ||   208
 Cast: Slow              |     4 |    11 ||    15
  Use: Scroll            |     6 |     2 ||     8
Armor: Robe              |     5 |     1 ||     6
Dodge: Dodged            |    63 |    33 ||    96

Table legend: (Time is in decaauts)
 A = Elapsed time spent in this place.
 B = Non-inter-level travel time spent in this place.
 C = Inter-level travel time spent in this place.
 D = Time resting spent in this place.
 E = Time spent auto-exploring this place.
 F = Levels seen in this place.
 G = Mean time per level.
                   A        B        C        D        E       F      G
               +--------+--------+--------+--------+--------+-----+--------+
         Total |   2833 |   2790 |     43 |    334 |   1859 |   6 |  472.2 |
       Dungeon |   2833 |   2790 |     43 |    334 |   1859 |   6 |  472.2 |
               +--------+--------+--------+--------+--------+-----+--------+

Top non-repeatable levels by time:
     D:1: 1000 daAuts
     D:2: 624 daAuts
     D:4: 581 daAuts
     D:3: 309 daAuts
     D:6: 246 daAuts
     D:5: 72 daAuts
